Map: Ley Lines

Players

LigerMaNN - Winner!

  • Race: Zerg Zerg
  • League: Diamond
  • Spawn Location: 7:00

MrHydra

  • Race: Terran Terran
  • League: Platinum
  • Spawn Location: 1:00

VOD

Have the link to the VOD?

Description

Time

  • Played on: June 8, 2025, 12:27 a.m.
  • Length: 11:26
Show
View Real Time Build Order
Export as new Build Order

LigerMaNN Zerg - Winner!

Build Orders: Hatch First 

Get SALT Encoding   

  12  0:01  Drone  
  13  0:13  Overlord  
  13  0:17  Drone  
  14  0:31  Drone x2  
  16  0:48  Hatchery  
  15  0:52  Drone  
  15  0:57  Drone  
  17  1:01  Drone  
  18  1:23  Extractor  
  18  1:24  Spawning Pool  
  18  1:25  Drone x2  
  17  1:28  Drone  
  19  1:39  Overlord  
  19  2:12  Zergling x8  
  23  2:16  Queen x2  
  23  2:20  Drone  
  28  2:24  Metabolic Boost  
  28  2:40  Drone  
  28  2:41  Drone x3  
  32  2:46  Overlord  
  32  3:14  Hatchery  
  32  3:16  Queen  
  32  3:17  Drone  
  32  3:18  Drone  
  32  3:19  Drone  
  36  3:25  Pneumatized Carapace  
  36  3:32  Overlord  
  36  3:35  Overlord  
  36  3:45  Drone, Roach Warren  
  36  3:52  Drone x3  
  35  4:15  Drone x4  
  35  4:16  Drone x2  
  41  4:27  Roach x5  
  41  4:28  Roach  
  41  4:29  Roach  
  55  4:32  Roach  
  57  4:43  Drone  
  58  4:47  Extractor  
  58  4:52  Overlord x4  
  57  4:59  Lair  
  57  5:14  Drone x4  
  58  5:15  Drone  
  62  5:24  Hatchery  
  61  5:28  Drone  
  61  5:29  Drone x6  
  61  5:30  Drone  
  61  5:34  Spore Crawler  
  68  5:36  Spore Crawler  
  68  5:40  Spore Crawler  
  66  5:51  Baneling Nest  
  66  5:53  Evolution Chamber  
  66  5:54  Drone x3  
  66  5:55  Drone  
  66  5:56  Evolution Chamber  
  68  5:57  Drone  
  68  5:58  Drone  
  68  5:59  Drone  
  68  6:01  Drone  
  71  6:21  Zerg Melee Weapons Level 1  
  71  6:22  Zerg Ground Armor Level 1  
  71  6:23  Zergling x16  
  79  6:30  Drone  
  80  6:38  Queen x3  
  80  6:39  Queen  
  88  6:48  Centrifugal Hooks  
  88  6:51  Baneling x7  
  88  6:52  Baneling  
  88  6:54  Overlord x3  
  88  7:06  Extractor  
  88  7:07  Drone, Extractor  
  88  7:15  Drone  
  88  7:16  Drone x15  
  88  7:17  Drone  
  104  7:24  Extractor  
  104  7:26  Extractor  
  102  7:32  Hatchery  
  101  7:43  Infestation Pit  
  100  7:46  Hydralisk Den  
  100  7:47  Zergling x26  
  112  8:10  Overlord x6  
  112  8:11  Overlord  
  112  8:15  Muscular Augments  
  112  8:18  Zerg Melee Weapons Level 2, Zerg Ground Armor Level 2  
  112  8:23  Hive  
  112  8:28  Drone, Zergling x2  
  112  8:29  Drone  
  112  8:30  Drone x3  
  118  8:36  Spore Crawler  
  108  9:11  Hydralisk x15  
  108  9:14  Zergling x6  
  141  9:17  Baneling x5  
  141  9:18  Baneling  
  141  9:19  Grooved Spines  
  141  9:20  Baneling  
  141  9:28  Drone x6  
  147  9:33  Baneling x7  
  147  9:34  Baneling  
  146  9:44  Zergling x12  
  132  9:55  Zergling x12  
  132  9:56  Zergling x12  
  144  10:04  Baneling x12  
  136  10:16  Zergling x18  
  143  10:32  Overseer x2  
  143  10:50  Hydralisk  
  143  10:51  Hydralisk x14  
  143  10:53  Zergling x2  
  143  10:55  Baneling  
  143  10:56  Baneling x7  
Show
View Real Time Build Order
Export as new Build Order

MrHydra Terran 

Build Orders: Reaper Expand 

Get SALT Encoding   

  12  0:00  SCV  
  13  0:12  SCV  
  14  0:17  Supply Depot  
  14  0:24  SCV  
  15  0:38  SCV  
  15  0:40  Barracks  
  16  0:45  Refinery  
  16  0:50  SCV  
  17  1:02  SCV  
  18  1:14  SCV  
  19  1:30  Reaper  
  19  1:31  Orbital Command  
  20  1:41  Command Center  
  20  2:00  SCV  
  21  2:02  Marine  
  21  2:05  Supply Depot  
  22  2:12  SCV  
  23  2:26  Bunker, SCV  
  24  2:32  Barracks Reactor  
  24  2:35  Factory  
  23  2:38  SCV  
  24  2:53  SCV  
  24  2:54  SCV  
  26  3:06  Orbital Command  
  26  3:11  Refinery  
  26  3:19  Barracks Tech Lab  
  26  3:20  Starport  
  26  3:26  Command Center  
  26  3:27  Hellion x2  
  26  3:30  SCV  
  31  3:44  Stimpack  
  31  3:45  Marine  
  32  3:48  SCV x2  
  34  4:00  Supply Depot, SCV x2  
  36  4:12  SCV  
  36  4:13  Marine, SCV  
  36  4:14  Viking  
  41  4:21  Barracks  
  41  4:25  SCV x2  
  41  4:26  Barracks  
  41  4:27  Widow Mine x2  
  47  4:37  SCV x2  
  49  4:39  Engineering Bay  
  49  4:43  Orbital Command  
  49  4:49  SCV  
  49  4:52  SCV  
  51  4:53  Starport Reactor  
  51  4:55  Widow Mine x2  
  55  5:00  Marine  
  55  5:01  SCV  
  55  5:04  SCV  
  58  5:13  SCV  
  59  5:14  SCV  
  59  5:16  SCV  
  59  5:20  Refinery  
  59  5:21  Refinery, Barracks Reactor x2  
  61  5:22  Marine  
  61  5:25  SCV  
  61  5:26  SCV  
  64  5:36  SCV  
  64  5:39  Marine  
  64  5:40  Medivac  
  68  5:50  Barracks  
  68  5:52  Barracks  
  68  5:56  Supply Depot  
  68  5:57  Missile Turret  
  68  6:12  Marine  
  68  6:17  Supply Depot, Marine x2, Medivac  
  68  6:18  Widow Mine x2  
  77  6:35  Supply Depot  
  77  6:38  Marine x5  
  77  6:39  Terran Infantry Weapons Level 1  
  82  6:40  Supply Depot, Orbital Command, Barracks Reactor  
  82  6:45  Barracks Tech Lab  
  82  6:48  Widow Mine  
  84  6:56  Marine x3, Medivac x2  
  84  6:57  Widow Mine  
  84  7:01  Supply Depot, Marine  
  93  7:02  Marine  
  93  7:03  Supply Depot  
  93  7:06  Marine, Armory  
  93  7:08  Combat Shield  
  96  7:14  Marine x3  
  99  7:19  Marine x2, Engineering Bay  
  99  7:22  Missile Turret  
  101  7:24  Missile Turret, Marine  
  101  7:26  SCV x3, Medivac  
  101  7:28  Marine  
  101  7:29  Marine  
  109  7:38  SCV  
  109  7:39  SCV x2  
  109  7:40  Marine  
  109  7:41  Marine x2  
  115  7:46  Marine x2  
  117  8:00  SCV  
  117  8:15  Marine x8, SCV x3  
  117  8:16  Supply Depot, Widow Mine  
  117  8:19  Supply Depot  
  130  8:21  Terran Infantry Armor Level 1  
  130  8:25  Widow Mine  
  132  8:33  Marine  
  133  8:37  Marine x4, Medivac x2  
  136  8:48  Marine  
  136  8:49  Marine x2  
  136  8:51  Marine  
  130  9:14  Supply Depot  
  130  9:15  Supply Depot  
  130  9:16  Marine x3  
  130  9:17  Marine x5  
  133  9:18  Medivac, Widow Mine x2  
  133  9:19  Medivac  
  133  9:21  SCV x3  
  149  9:36  Marine x2, SCV x2  
  129  9:52  Marine x5  
  119  9:54  Marine x3  
  120  10:09  Marine x2  
  120  10:10  Marine x3  
  120  10:12  Marine  
  116  10:25  Marine x2  
  116  10:27  Marine x3, Medivac x2  
  124  10:33  Marine x3  
  127  10:40  SCV x2  
  127  10:41  SCV  
  127  10:42  Barracks x2, Marine  
  130  10:44  Barracks  
  130  10:46  Marine x3  
  130  10:47  Marine  
  135  10:51  Marine x3  
  135  10:52  SCV  
  135  10:53  SCV  
  140  10:57  Command Center, SCV  
  140  11:00  Marine  
  121  11:04  Marine x4  
  121  11:05  SCV x2  
  121  11:09  SCV  
Tags
 
Add a new tag
Caveats
  • Supply blocks, unpowered buildings, or Contaminate may cause inaccurate times.
  • Supply counts are checked every 10 seconds.